 Dungeon Crawl Stone Soup version 0.28-a0-43-g560ac104fe (webtiles) character file.

Game seed: 15886817625422875126

7382 Sobieck the Zephyrmancer (level 11, -19/64 HPs)
             Began as a Tengu Air Elementalist on July 28, 2021.
             Was a Believer of Vehumet.
             Demolished by Snorg (27 damage)
             ... on level 11 of the Dungeon.
             The game lasted 00:28:17 (15075 turns).

Sobieck the Zephyrmancer (Tengu Air Elementalist)  Turns: 15075, Time: 00:28:17

Health: -19/64     AC:  4    Str:  8    XL:     11   Next: 14%
Magic:  5/21       EV: 18    Int: 18    God:    Vehumet [**....]
Gold:   478        SH: 10    Dex: 16    Spells: 16/23 levels left

rFire   . . .      SeeInvis .   I - +4 long sword (freeze) {long}
rCold   + . .      Faith    .   C - +0 buckler
rNeg    . . .      Spirit   .   a - +0 robe
rPois   +          Reflect  +   (helmet restricted)
rElec   .          Harm     .   u - +0 cloak
rCorr   .          Rampage  +   c - +0 pair of gloves
Will    .....                   (boots unavailable)
Stlth   ++........              D - amulet of Waxtua {Reflect Rampage rC+ SH+5}
HPRegen 0.20/turn               j - ring of poison resistance
MPRegen 0.17/turn               (no ring)

@: flying quickly and evasively, quick
A: beak, talons 3, nimble flight
a: Renounce Religion


You were on level 11 of the Dungeon.
You worshipped Vehumet.
Vehumet was pleased with you.
You visited 2 branches of the dungeon, and saw 12 of its levels.

You collected 527 gold pieces.
You spent 49 gold pieces at shops.


Innate Abilities, Weirdness & Mutations

You have a beak for a mouth.
You have claws for feet.
Your magical nature lets you fly swiftly and evasively.


   Skills:
 + Level 5.8 Fighting
 + Level 3.0 Long Blades
 + Level 6.8 Dodging
 - Level 2.0 Stealth
 - Level 4.0 Shields
 + Level 6.6 Spellcasting
 - Level 5.0 Conjurations
 - Level 12.0 Air Magic
 + Level 6.7 Evocations


You had 16 spell levels left.
You knew the following spells:

 Your Spells              Type           Power      Damage    Failure   Level
a - Shock                 Conj/Air       100%       1d9       1%          1
b - Static Discharge      Conj/Air       36%        N/A       1%          2
c - Airstrike             Air            24%        N/A       1%          4

Your spell library contained the following spells:

 Spells                   Type           Power      Damage    Failure   Level
 Freeze                   Ice            20%        1d4       12%         1
 Swiftness                Air            49%        N/A       1%          3
 Blink                    Tloc           N/A        N/A       17%         2
 Slow                     Hex            5%         N/A       17%         2
 Confusing Touch          Hex            5%         N/A       34%         3
 Lesser Beckoning         Tloc           2%         N/A       34%         3
 Vampiric Draining        Necr           2%         2d6       34%         3
 Manifold Assault         Tloc           5%         N/A       97%         5

Inventory:

Hand Weapons
 d - a +0 short sword {short}
   (You took it off a kobold on level 1 of the Dungeon)
 p - a +1 dagger of electrocution {short}
   (You took it off a goblin on level 3 of the Dungeon)
 s - a +1 whip of electrocution {mace}
   (You took it off Pikel on level 4 of the Dungeon)
 y - a +2 falchion of flaming {long}
   (You took it off an orc on level 4 of the Dungeon)
 I - a +4 long sword of freezing (weapon) {long}
   (You took it off a wight on level 7 of the Dungeon)
Missiles
 b - 206 stones {throwing}
 g - 47 sling bullets
 h - 190 arrows
 l - 39 bolts
 q - 5 silver boomerangs {throwing}
 t - 59 poisoned darts {throwing}
 x - 2 boomerangs of dispersal {=f!fthrowing}
 E - 9 boomerangs {throwing}
 P - a throwing net {=f!fthrowing}
 S - 5 javelins {throwing}
Armour
 a - a +0 robe (worn)
 c - a +0 pair of gloves (worn)
   (You found it on level 1 of the Dungeon)
 n - +0 swamp dragon scales
   (You took it off Maggie on level 5 of the Dungeon)
 r - a +1 leather armour of fire resistance
   (You took it off an orc on level 3 of the Dungeon)
 u - a +0 cloak (worn)
   (You found it on level 3 of the Dungeon)
 C - a +0 buckler (worn)
   (You bought it in a shop on level 4 of the Dungeon)
 F - a +3 leather armour of cold resistance
   (You took it off Eustachio on level 6 of the Dungeon)
Magical Staves
 v - a staff of earth {!astaff}
   (You found it on level 2 of the Dungeon)
Jewellery
 j - a ring of poison resistance (left hand)
   (You found it on level 2 of the Dungeon)
 D - the amulet of Waxtua (around neck) {Reflect Rampage rC+ SH+5}
   (You found it on level 6 of the Dungeon)

   [amulet of reflection]

   It reflects blocked missile attacks.
   rC:        It protects you from cold.
   SH:        It affects your SH (+5).
   Rampage:   It bestows one free step when moving towards enemies.
Wands
 k - a wand of polymorph (11)
   (You took it off Natasha on level 2 of the Dungeon)
 H - a wand of iceblast (16)
   (You took it off Ijyb on level 3 of the Dungeon)
Scrolls
 e - 2 scrolls of torment {!r}
 i - 2 scrolls of vulnerability {!r!r}
 m - 5 scrolls of teleportation {@r4}
 K - a scroll of summoning
 L - 4 scrolls of identify {@r1}
 M - 2 scrolls of magic mapping {!r}
 O - 2 scrolls of acquirement {unknown}
 Q - 3 scrolls of immolation {unknown}
 R - a scroll of blinking {unknown}
Potions
 f - a potion of brilliance
 o - 2 potions of mutation {!q}
 w - a potion of attraction {!q}
 z - a potion of cancellation
 A - a potion of haste {unknown}
 B - a potion of lignification {!q}
 G - 2 potions of berserk rage {unknown}
 J - a potion of ambrosia {unknown}
 N - a potion of flight {unknown}

Dungeon Overview and Level Annotations

Branches:
Dungeon (12/15)            Temple (1/1) D:5
   Lair: D:8-11         Orc: D:9-12

Altars:
Ashenzari
Cheibriados
Dithmenos
Gozag
Kikubaaqudgha
Makhleb
Nemelex Xobeh
Okawaru
Qazlal
Trog
Uskayaw
Vehumet
Xom
Yredelemnul
Zin

Shops:
D:4 [   D:6 *   D:7 [   D:11 [

Annotations:
D:3 1 runed translucent door, Crazy Yiuf
D:11 Snorg

.#..........####......#####......
.#.............#......#...'......
.#.............#......#...#......
.#.............#......#...####...
.#..........####......#......+...
.#..........# #......#....>.#...
.#...#......# #......########...
##...#......# #..#...#...#......
.#...#......# #@.#...#...#......
.#...#......# #T.#...#...####...
.....'......# #..#...#......#...
##...#......# #o.#...#......#...
.#####......# #..#...##'##..#...
............# #..#...#...#..#...
##..........# #'##...'...#......
#..........# #..#...#...#......
############ #..#...#...#......


You could see Snorg (berserk) and an orc warrior.


Message History

😮 HP[-1] MP[+2]
You take 1 damage, and now have 48/64 hp.
You regained 2 mp, and now have 6/21 mp.
Unknown command.
There is an open door here.
There is an open door here.
You reach down and open the door.
There is an open door here.
You reach down and open the door.
There is an open door here.
You reach down and open the door.
You reach down and open the door.
There is an open door here.
You reach down and open the door.
There is an open door here.
You reach down and open the door.
There is an open door here.
You reach down and open the door.
There is an open door here.
Snorg the Insatiable comes into view.
Snorg shouts!
You hear a shout! x2
Snorg moves out of view.
Found a stone staircase leading up. 😎 HP[+16] MP[+15]
Your hp is fully restored (64).
Your mp is fully restored (21).
Casting: Static Discharge (safe; 1% risk of failure)
Confirm with . or Enter, or press ? or * to list all spells.
Aiming: Airstrike (dangerous; 1% risk of failure)
Press: ? - help, Dir - move target, f - Snorg
Aim: Snorg The air twists around and strikes Snorg! 😎 MP[-4]
You lost 4 mp, and now have 17/21 mp.
Casting: Airstrike (dangerous; 1% risk of failure)
Confirm with . or Enter, or press ? or * to list all spells.
Aiming: Airstrike (dangerous; 1% risk of failure)
Press: ? - help, Dir - move target, f/p - Snorg
Aim: Snorg (lightly wounded)
The air twists around and strikes Snorg! 😎 MP[-4]
You lost 4 mp, and now have 13/21 mp.
Casting: Airstrike (dangerous; 1% risk of failure)
Confirm with . or Enter, or press ? or * to list all spells.
Aiming: Airstrike (dangerous; 1% risk of failure)
Press: ? - help, Dir - move target, f/p - Snorg
Aim: Snorg (moderately wounded)
The air twists around and strikes Snorg!
Snorg bites you! Snorg claws you. Snorg claws you! 😮 HP[-25] MP[-4]
You take 25 damage, and now have 39/64 hp.
MASSIVE DAMAGE!! (PAUSE)
You lost 4 mp, and now have 9/21 mp.
An orc warrior comes into view. It is wielding a +0 battleaxe.
Casting: Airstrike (dangerous; 1% risk of failure)
Confirm with . or Enter, or press ? or * to list all spells.
Aiming: Airstrike (dangerous; 1% risk of failure)
Press: ? - help, Dir - move target, f/p - Snorg
Aim: Snorg (moderately wounded)
The air twists around and strikes Snorg!
Snorg misses you. Snorg closely misses you.
Snorg completely misses you. 😮 HP[+1] MP[-4]
You lost 4 mp, and now have 5/21 mp.
Casting: Airstrike (dangerous; 1% risk of failure)
Confirm with . or Enter, or press ? or * to list all spells.
Aiming: Airstrike (dangerous; 1% risk of failure)
Press: ? - help, Dir - move target, f/p - Snorg
Aim: Snorg (heavily wounded)
The air twists around and strikes Snorg!
Snorg bites you! Snorg claws you!
* * * LOW HITPOINT WARNING * * *
Snorg claws you but does no damage. 😨 HP[-16] MP[-3]
You take 16 damage, and now have 24/64 hp.
MASSIVE DAMAGE!! (PAUSE)
You lost 3 mp, and now have 2/21 mp.
Snorg closely misses you.
You riposte.
You slash Snorg! You freeze Snorg. You claw Snorg! Your peck misses Snorg.
You block Snorg's attack. Snorg misses you. The orc warrior misses you.
Unknown command.
Snorg goes berserk!
You block the orc warrior's attack.
You hear a shout! 😨 HP[+1]
You hear a shout! 😨 MP[+1] Snorg rages. 😨 HP[+1] 😨 MP[+1] Snorg rages.
There is an open door here. 😨 HP[+1] Snorg misses you.
You riposte.
You hit Snorg. You freeze Snorg. You claw Snorg. You block Snorg's attack.
Snorg claws you!!
* * * LOW HITPOINT WARNING * * *
😱 HP[-19]
You take 19 damage, and now have 8/64 hp.
MASSIVE DAMAGE!! (PAUSE) Snorg bites you!!
You die...

Skill      XL: |  1  2  3  4  5  6  7  8  9 10 11 |
---------------+----------------------------------+-----
Conjurations   | 2 3 5 |  5.0
Air Magic      | 5 8 10 11 12 | 12.0
Fighting       | 2 4 5 |  5.8
Shields        | 2 4 |  4.0
Spellcasting   | 3 5 6 |  6.6
Evocations     | 3 6 |  6.7
Dodging        | 4 6 |  6.8
Long Blades    | 2 3 |  3.0
Stealth        | |  2.0

Action                   |  1- 3 |  4- 6 |  7- 9 | 10-12 || total
-------------------------+-------+-------+-------+-------++-------
Melee: Kick              |       |       |     1 |     6 ||     7
       Long sword        |       |       |       |     9 ||     9
       Peck              |       |       |       |     2 ||     2
 Cast: Shock             |    69 |   134 |    75 |    37 ||   315
       Static Discharge  |       |     6 |     4 |    14 ||    24
       Airstrike         |       |     1 |    79 |    59 ||   139
Evoke: Wand              |       |       |     1 |     2 ||     3
  Use: Scroll            |       |       |    14 |     1 ||    15
       Potion            |       |       |     2 |       ||     2
Armor: Robe              |       |     6 |     1 |     7 ||    14
Dodge: Dodged            |     2 |    34 |    20 |    21 ||    77
Block: Buckler           |       |       |     2 |    26 ||    28
       Rpst.: Falchion   |       |       |     8 |       ||     8
       Long sword        |       |       |       |     7 ||     7

Levels and vault maps discovered:
D:1:      onia_arrival_mini_spirals, layout_basic, serial_glass,
          glass_columns_b, glass_columns_a, minmay_misc_feat_five,
          minmay_pentomino_r4
D:2:      layout_basic, uniq_natasha, uniq_sigmund
D:3:      layout_basic, mainiacjoe_overflow_paths, minmay_pentomino_pile,
          uniq_ijyb, uniq_robin, uniq_crazy_yiuf_cottage
D:4:      layout_basic, serial_shops, shop, serial_park_tiny_1, minmay_mini_jars
D:5:      layout_gridville, minmay_temple_entry_enclosed_plants, uniq_pikel
D:6:      layout_layer_cave, nicolae_shop_sticking_my_neck_out, uniq_maggie,
          uniq_eustachio
D:7:      layout_gridville, serial_glass, glass_columns_c, glass_columns_a,
          serial_shops, shop, kb_rosetta
D:8:      layout_gridville, special_room [special_room_orc], uniq_harold
D:9:      layout_basic, lair_entry_dummy
D:11:     layout_grid_maze, serial_shops, shop, uniq_snorg
D:12:     lemuel_slime, layout_cave_pods, portal_ice_cave_entry_pillars_1,
          serial_glass, glass_columns_a, glass_columns_a, glass_columns_a,
          glass_columns_c
Temple:   roderic_octagonal_lattice_temple

Notes
Turn   | Place    | Note
-------+----------+-------------------------------------------
     0 | D:1      | Sobieck the Tengu Air Elementalist began the quest for the
                  | Orb.
     0 | D:1      | Reached XP level 1. HP: 10/10 MP: 4/4
     0 | D:1      | magus.rc [v1.9.6]
    19 | D:1      | Reached skill level 2 in Conjurations
   367 | D:1      | Reached XP level 2. HP: 15/15 MP: 0/6
   442 | D:1      | Reached skill level 3 in Conjurations
   871 | D:1      | Reached XP level 3. HP: 19/19 MP: 1/7
   874 | D:1      | Learned a level 2 spell: Static Discharge
   968 | D:1      | Reached skill level 4 in Conjurations
  1498 | D:2      | Noticed Sigmund
  1705 | D:2      | Noticed Natasha
  1710 | D:2      | Killed Natasha
  1716 | D:2      | Noticed Natasha
  1793 | D:2      | Killed Natasha
  1794 | D:2      | Reached skill level 5 in Conjurations
  1794 | D:2      | Reached XP level 4. HP: 15/24 MP: 3/8
  1867 | D:2      | Noticed Natasha
  2019 | D:2      | Killed Natasha
  2020 | D:2      | Reached skill level 5 in Air Magic
  2259 | D:3      | Gained mutation: Your magical nature lets you fly swiftly
                  | and evasively. [Tengu growth]
  2259 | D:3      | Reached XP level 5. HP: 28/28 MP: 3/9
  2455 | D:3      | Found a burning altar of Makhleb.
  2582 | D:3      | Noticed Robin
  2608 | D:3      | Killed Robin
  2609 | D:3      | Reached skill level 6 in Air Magic
  2937 | D:3      | Learned a level 4 spell: Airstrike
  3018 | D:3      | Noticed Ijyb
  3698 | D:3      | Found a runed translucent door.
  3699 | D:3      | Noticed Crazy Yiuf
  4400 | D:2      | Killed Sigmund
  4401 | D:2      | Reached skill level 8 in Air Magic
  4401 | D:2      | Reached XP level 6. HP: 22/32 MP: 0/10
  5269 | D:4      | Found Qouse's Armour Boutique.
  5274 | D:4      | Bought a +0 buckler for 49 gold pieces
  5508 | D:4      | Reached XP level 7. HP: 36/36 MP: 7/11
  5594 | D:4      | Reached skill level 9 in Air Magic
  6298 | D:5      | Entered Level 5 of the Dungeon
  6517 | D:4      | Reached skill level 10 in Air Magic
  6746 | D:5      | Noticed Pikel
  6994 | D:4      | Killed Pikel
  6995 | D:4      | Reached skill level 2 in Fighting
  6995 | D:4      | Reached skill level 2 in Shields
  6995 | D:4      | Reached skill level 3 in Spellcasting
  6995 | D:4      | Reached XP level 8. HP: 45/45 MP: 1/14
  7138 | D:5      | Reached skill level 3 in Fighting
  7138 | D:5      | Reached skill level 3 in Shields
  7471 | D:5      | Found a staircase to the Ecumenical Temple.
  7477 | Temple   | Entered the Ecumenical Temple
  7606 | Temple   | Became a worshipper of Vehumet
  8157 | D:5      | Reached skill level 4 in Spellcasting
  8373 | D:6      | Found Ythrowot's Neck Hole.
  8471 | D:6      | Reached skill level 4 in Fighting
  8471 | D:6      | Reached skill level 4 in Shields
  8726 | D:6      | Reached skill level 5 in Spellcasting
  8726 | D:6      | Reached XP level 9. HP: 42/52 MP: 3/17
  8878 | D:6      | Noticed Maggie
  9079 | D:5      | Killed Maggie
  9080 | D:5      | Reached skill level 6 in Spellcasting
  9328 | D:6      | Identified the amulet of Waxtua {Reflect Rampage rC+ SH+5}
  9442 | D:6      | Reached skill level 1 in Evocations
  9814 | D:6      | Reached skill level 3 in Dodging
 10086 | D:6      | Reached skill level 2 in Evocations
 10134 | D:6      | Noticed Eustachio
 10137 | D:6      | Killed Eustachio
 10872 | D:3      | Killed Ijyb
 11042 | D:7      | Reached skill level 5 in Fighting
 11042 | D:7      | Reached skill level 4 in Dodging
 11152 | D:7      | You pick up a book of Spatial Translocations and begin
                  | reading...
 11152 | D:7      | You add the spells Blink, Lesser Beckoning and Manifold
                  | Assault to your library.
 11173 | D:7      | Reached skill level 3 in Evocations
 11338 | D:7      | Reached skill level 11 in Air Magic
 11501 | D:7      | Reached XP level 10. HP: 59/59 MP: 8/20
 12107 | D:7      | Reached * piety under Vehumet
 12107 | D:7      | Offered knowledge of Magic Dart by Vehumet.
 12108 | D:7      | Reached skill level 5 in Dodging
 12124 | D:7      | Reached skill level 4 in Evocations
 12247 | D:7      | Noticed a two-headed ogre
 12251 | D:7      | Killed a two-headed ogre
 12304 | D:7      | Noticed a seven-headed hydra
 12309 | D:7      | Killed a seven-headed hydra
 12310 | D:7      | Reached skill level 6 in Dodging
 12310 | D:7      | Reached skill level 12 in Air Magic
 12310 | D:7      | Reached skill level 5 in Evocations
 12442 | D:7      | Found Xoehocri's Armour Shop.
 12950 | D:8      | Noticed Harold
 12960 | D:8      | Killed Harold
 12961 | D:8      | Reached skill level 6 in Evocations
 12961 | D:8      | Reached skill level 1 in Long Blades
 13776 | D:8      | Reached skill level 2 in Long Blades
 13791 | D:8      | Reached ** piety under Vehumet
 13795 | D:8      | Offered knowledge of Freeze by Vehumet.
 14130 | D:8      | Reached XP level 11. HP: 64/64 MP: 10/21
 14476 | D:9      | You are sucked into a shaft and drop 2 floors!
 14478 | D:11     | You pick up a book of Debilitation and begin reading...
 14478 | D:11     | You add the spells Slow, Vampiric Draining and Confusing
                  | Touch to your library.
 14586 | D:11     | Found Waleng's Armour Emporium.
 14619 | D:11     | Identified the +1 chain mail "Ifecouho" {Harm Fly rF- SInv}
 14890 | D:11     | Reached skill level 3 in Long Blades
 15048 | D:11     | Noticed Snorg
 15072 | D:11     | HP: 8/64 [Snorg (19)]
 15075 | D:11     | Demolished by Snorg

Vanquished Creatures
  Harold (D:8)
  A hydra (D:7)
  A two-headed ogre (D:7)
  Pikel (D:4)
  2 centaur zombies (D:11)
  Maggie (D:5)
  Sigmund (D:2)
  3 yaks (D:8)
  Eustachio (D:6)
  3 water moccasins
  2 ice beasts
  3 sky beasts
  2 hornet zombies
  3 orc warriors
  5 black bears
  A necrophage (D:7)
  A centaur (D:8)
  2 lemures (D:4)
  A gnoll sergeant (D:6)
  A scorpion (D:5)
  4 wights (D:7)
  A howler monkey (D:7)
  An orc priest (D:8)
  A bullfrog zombie (D:5)
  5 hounds
  3 jellies
  Ijyb (D:3)
  3 bullfrog skeletons
  4 iguanas
  3 orc wizards
  Natasha (thrice) (D:2)
  A killer bee zombie (D:7)
  A hound skeleton (D:5)
  Robin (D:3)
  3 gnolls (D:6)
  2 howler monkey skeletons (D:7)
  7 adders
  2 shadow imps
  A white imp (D:5)
  2 ufetubi
  4 dart slugs
  46 orcs
  9 ball pythons
  9 endoplasms
  16 goblins
  11 hobgoblins
  10 jackals
  5 quokkas
  4 bats
  2 frilled lizards
  7 kobolds
  4 rats
212 creatures vanquished.

Vanquished Creatures (collateral kills)
  An adder skeleton (D:4)
1 creature vanquished.

Grand Total: 213 creatures vanquished

Table legend:
 A = Non-vault XP
 B = Vault XP
 C = Vault XP percentage of total XP
 D = Non-vault monster count
 E = Vault monster count
 F = Vault count percentage of total count
                 A         B        C        D         E       F
            +---------+---------+-------+---------+---------+-------
      Total |    5393 |    5153 |  48.9 |     142 |      69 |  32.7
            +---------+---------+-------+---------+---------+-------
        D:1 |      40 |       5 |  11.1 |      23 |       3 |  11.5
        D:2 |      97 |     253 |  72.3 |      11 |       2 |  15.4
        D:3 |      68 |      97 |  58.8 |      19 |      20 |  51.3
        D:4 |     262 |     843 |  76.3 |      24 |      11 |  31.4
        D:5 |     365 |     418 |  53.4 |      11 |       1 |   8.3
        D:6 |    1453 |     203 |  12.3 |      23 |       1 |   4.2
        D:7 |    1093 |    1934 |  63.9 |      22 |       3 |  12.0
        D:8 |    1032 |    1400 |  57.6 |       7 |      28 |  80.0
       D:11 |     983 |       0 |   0.0 |       2 |       0 |   0.0
            +---------+---------+-------+---------+---------+-------

Illustrated notes

Table legend:
 A = Kills in this place as a percentage of kills in entire the game.
 B = Kills by you in this place as a percentage of kills by you in the entire game.
 C = Kills by friends in this place as a percentage of kills by friends in the entire game.
 D = Other kills in this place as a percentage of other kills in the entire game.
 E = Experience gained in this place as a percentage of experience gained in the entire game.
 F = Experience gained in this place divided by the number of levels of this place that you have seen.
                   A       B       C       D       E      F
               +-------+-------+-------+-------+-------+----------------------
         Total | 100.0 | 100.0 | 100.0 |   N/A | 100.0 | 878.8
       Dungeon | 100.0 | 100.0 | 100.0 |   N/A | 100.0 | 958.7
               +-------+-------+-------+-------+-------+----------------------

Table legend: (Time is in decaauts)
 A = Elapsed time spent in this place.
 B = Non-inter-level travel time spent in this place.
 C = Inter-level travel time spent in this place.
 D = Time resting spent in this place.
 E = Time spent auto-exploring this place.
 F = Levels seen in this place.
 G = Mean time per level.
                   A        B        C        D        E       F      G
               +--------+--------+--------+--------+--------+-----+--------+
         Total |  14451 |  14072 |    379 |   2596 |   9836 |  12 | 1204.2 |
       Dungeon |  14316 |  13954 |    362 |   2596 |   9724 |  11 | 1301.5 |
        Temple |    134 |    117 |     17 |      0 |    112 |   1 |  134.0 |
               +--------+--------+--------+--------+--------+-----+--------+

Top non-repeatable levels by time:
     D:6: 2036 daAuts
     D:4: 2013 daAuts
     D:3: 1957 daAuts
     D:1: 1769 daAuts
     D:7: 1701 daAuts
     D:5: 1609 daAuts
     D:8: 1576 daAuts
     D:2: 1082 daAuts
    D:11: 564 daAuts
  Temple: 134 daAuts
     D:9: 4 daAuts
    D:12: 1 daAuts
